 Dungeon Crawl Stone Soup version 0.29-a0-334-gb41bcbb86e (console) character file.

Game seed: 4171225283199364941

2079 mylea the Chopper (level 8, -3/66 HPs)
             Began as a Demigod Wanderer on Apr 14, 2022.
             Killed by divine providence
             ... invoked by an orc priest
              (14 damage)
             ... on level 8 of the Dungeon.
             The game lasted 00:15:11 (9522 turns).

mylea the Chopper (Demigod Wanderer)                Turns: 9522, Time: 00:15:12

Health: -3/66      AC: 16    Str: 23    XL:     8   Next: 78%
Magic:  10/10      EV:  6    Int: 12    God:
Gold:   509        SH:  5    Dex: 13    Spells: 7/7 levels left

rFire   . . .      SeeInvis .   a - +0 hand axe
rCold   + . .      Faith    .   C - +0 buckler
rNeg    . . .      Spirit   .   l - +0 plate armour
rPois   .          Reflect  .   (no helmet)
rElec   .          Harm     .   (no cloak)
rCorr   .          Rampage  .   (no gloves)
Will    .....                   p - +0 pair of boots
Stlth   ..........              (no amulet)
HPRegen 0.21/turn               i - +4 ring of protection
MPRegen 0.12/turn               m - ring of protection from cold

@: no status effects
A: high MP 1, forlorn, divine attributes
a: no special abilities


You were on level 8 of the Dungeon.
You visited 1 branch of the dungeon, and saw 8 of its levels.

You collected 509 gold pieces.

Inventory:

Hand Weapons
 a - a +0 hand axe (weapon)
 b - a +0 mace
 d - a +0 dagger
 A - a +0 trident
Missiles
 c - 7 boomerangs
 r - 3 curare-tipped darts (quivered)
 z - 2 throwing nets
Armour
 l - a +0 plate armour (worn)
 p - a +0 pair of boots (worn)
 C - a +0 buckler (worn)
Jewellery
 g - a ring of fire
 i - a +4 ring of protection (left hand)
 m - a ring of protection from cold (right hand)
Wands
 s - a wand of digging (5)
 v - a wand of acid (2)
Scrolls
 f - 2 scrolls of fog
 h - 2 scrolls of fear
 x - 2 scrolls of teleportation
Potions
 e - 3 potions of mutation
 j - 5 potions of curing
 k - a potion of ambrosia
 n - a potion of berserk rage {unknown}
 o - 2 potions of magic {unknown}
 q - a potion of lignification {unknown}
 D - a potion of flight
 E - a potion of might {unknown}


   Skills:
 - Level 4.0 Fighting
 + Level 6.2(6.5) Axes
 - Level 1.7(4.3) Maces & Flails
 - Level 1.7(4.3) Polearms
 - Level 4.0 Throwing
 - Level 2.3 Armour
 - Level 1.0 Dodging
 - Level 1.0 Stealth
 - Level 5.0 Shields
 - Level 4.0 Evocations


You had 7 spell levels left.
You didn't know any spells.
Your spell library was empty.

Dungeon Overview and Level Annotations

Branches:
Dungeon (8/15)             Temple (0/1) D:7
   Lair: D:8-11

Annotations:
D:3 2 transporters, Grinder; Sigmund; jisko22's ghost, weakling HOFi
D:7 3 runed translucent doors, Foxy's ghost, novice GnTm


Innate Abilities, Weirdness & Mutations

You have an increased reservoir of magic. (+10% MP)
You shall have no god before yourself.
Your divine heritage dramatically boosts your attributes as you level up.


Message History

The orc priest is heavily wounded.
You closely miss the orc priest.
The orc priest hits you but does no damage.
The orc priest barely misses you.
You hit the orc priest.
The orc priest is almost dead.
You hit the orc priest.
The orc priest mumbles some strange prayers to Beogh against you.
Beogh smites you! The orc priest barely misses you.
The orc priest invokes the aid of Beogh against you.
Pain shoots through your body!
* * * LOW HITPOINT WARNING * * *
The orc priest calls upon Beogh to heal the orc priest.
The orc priest is healed somewhat.
You are too injured to fight recklessly!
You hit the orc priest but do no damage.
The orc priest is almost dead.
You barely miss the orc priest.
The orc priest miscasts a cantrip.
The orc priest looks braver for a moment.
You closely miss the orc priest.
The orc priest is almost dead.
You hit the orc priest but do no damage.
The orc priest barely misses you. x2
You hit the orc priest but do no damage.
The orc priest is almost dead.
You hit the orc priest but do no damage.
You hit the orc priest but do no damage.
The orc priest is almost dead.
You closely miss the orc priest.
The orc priest hits you with a +0 dagger.
* * * LOW HITPOINT WARNING * * *
The orc priest hits you with a +0 hand axe.
* * * LOW HITPOINT WARNING * * *
You hit the orc priest but do no damage.
The orc priest is almost dead.
You hit the orc priest but do no damage.
The orc priest invokes the aid of Beogh against you.
Beogh smites you!
You die...

#### ..# #.# # .
#.###.###o##... #....
#....oo{oooo... .....
#####@####..... ###.# #.#
... #.# o #.# ##+## #.#
##...## #####.# #.....##
#.....# .......## #..####
........####...##########


You could see an orc warrior, 2 orc priests and 4 orcs.

Vanquished Creatures
  Maggie (D:7)
  A black bear (D:7)
  An ogre (D:6)
  2 phantoms
  A gnoll sergeant (D:5)
  2 necrophages
  2 scorpions
  5 killer bees (D:7)
  A howler monkey (D:5)
  A jelly (D:7)
  4 hounds
  6 orc priests
  2 gnoll shamans
  5 iguanas
  3 orc wizards
  17 gnolls
  3 adders
  2 ufetubi
  A worm (D:5)
  2 dart slugs
  19 orcs
  6 bats
  8 endoplasms
  A giant cockroach (D:2)
  12 goblins
  6 hobgoblins
  10 jackals
  5 quokkas
  12 ball pythons
  2 frilled lizards
  3 kobolds
  3 rats
149 creatures vanquished.

Vanquished Creatures (others)
  6 plants (D:7)
6 creatures vanquished.

Grand Total: 155 creatures vanquished

Notes
Turn   | Place    | Note
-------+----------+-------------------------------------------
     0 | D:1      | mylea the Demigod Wanderer began the quest for the Orb.
     0 | D:1      | mylea set off with the following items: a +0 trident, a +0
                  | mace, 7 boomerangs, a +0 dagger, a potion of mutation, a +0
                  | leather armour
     0 | D:1      | Reached XP level 1. HP: 14/14 MP: 3/3
   273 | D:1      | Reached skill level 1 in Fighting
   426 | D:1      | Reached XP level 2. HP: 15/23 MP: 4/4
   812 | D:1      | Reached XP level 3. HP: 28/30 MP: 5/5
  1392 | D:2      | Identified the +2 robe "Suej" {rPois rC++ Str-3 Stlth+}
  1950 | D:3      | Noticed jisko22's ghost (weakling HOFi)
  2016 | D:3      | Noticed Grinder
  2114 | D:3      | Identified the +0 plate armour "Pafama" {Harm Stlth+}
  2166 | D:3      | Reached XP level 4. HP: 36/38 MP: 6/6
  2500 | D:3      | Found a transporter.
  2586 | D:3      | Found a transporter.
  2694 | D:3      | Paralysed by Grinder for 2 turns
  2702 | D:3      | Paralysed by Grinder for 6 turns
  3040 | D:3      | Noticed Sigmund
  3998 | D:5      | Entered Level 5 of the Dungeon
  4020 | D:5      | Reached XP level 5. HP: 46/46 MP: 7/7
  4414 | D:5      | Reached XP level 6. HP: 18/52 MP: 8/8
  4580 | D:5      | Reached skill level 1 in Evocations
  5431 | D:5      | Reached skill level 1 in Axes
  5663 | D:6      | Reached XP level 7. HP: 55/59 MP: 9/9
  5725 | D:5      | Reached skill level 2 in Axes
  6142 | D:5      | Reached skill level 3 in Axes
  6251 | D:6      | Reached skill level 1 in Shields
  6623 | D:6      | Reached skill level 4 in Axes
  6994 | D:6      | Reached XP level 8. HP: 44/66 MP: 10/10
  7173 | D:7      | Noticed Maggie
  7599 | D:7      | Found a staircase to the Ecumenical Temple.
  7627 | D:7      | Killed Maggie
  7628 | D:7      | Reached skill level 5 in Axes
  7915 | D:7      | Found a runed translucent gate.
  7915 | D:7      | Found a runed translucent gate.
  7915 | D:7      | Found a runed translucent gate.
  7915 | D:7      | Noticed Foxy's ghost (novice GnTm)
  7991 | D:7      | Noticed a cyclops
  8655 | D:7      | Reached skill level 6 in Axes
  9365 | D:8      | Reached skill level 5 in Shields
  9522 | D:8      | Killed from afar by an orc priest

Illustrated notes

Levels and vault maps discovered:
D:1:      dpeg_arrival_water_fire, layout_rooms, hangedman_feature_mirror,
          kennysheep_minor_cross, minmay_tromino_v4_b
D:2:      layout_loops_ring, basic_ecumenical_altar, basic_altar
D:3:      layout_basic, gammafunk_ghost_arena, kennysheep_generic_room_5,
          uniq_sigmund, uniq_grinder
D:4:      layout_cave_pools
D:5:      layout_cave_pools, chequers_serial_rivers_marsh
D:6:      layout_basic
D:7:      layout_basic, mainiacjoe_overflow_swirl,
          minmay_temple_entry_gardened_gates, ebering_ghost_rock_garden,
          uniq_maggie
D:8:      layout_loops_corners, erik_lair_orcish_takeover

Skill      XL: |  1  2  3  4  5  6  7  8 |
---------------+-------------------------+-----
Fighting       | 1 2 3 4 |  4.0
Throwing       | 2 4 |  4.0
Armour         | 2 |  2.3
Evocations     | 3 4 |  4.0
Axes           | 1 4 6 |  6.2
Shields        | 2 5 |  5.0
Maces & Flails | |  1.7
Polearms       | |  1.7
Dodging        | |  1.0
Stealth        | |  1.0

Action                   |  1- 3 |  4- 6 |  7- 9 || total
-------------------------+-------+-------+-------++-------
Melee: Trident           |   199 |   217 |   255 ||   671
       Punch             |     1 |     3 |       ||     4
       Hand axe          |       |       |   126 ||   126
Throw: Boomerang         |       |    13 |       ||    13
       Dart              |       |       |     8 ||     8
Evoke: Wand              |       |     2 |     2 ||     4
  Use: Scroll            |     6 |     2 |     6 ||    14
       Potion            |       |       |     2 ||     2
 Stab: Sleeping          |     6 |       |       ||     6
Armor: Leather armour    |    85 |     8 |       ||    93
       Plate armour      |       |    99 |   264 ||   363
Dodge: Dodged            |   136 |    57 |   114 ||   307
Block: Buckler           |       |       |    79 ||    79

Table legend: (Time is in decaauts)
 A = Elapsed time spent in this place.
 B = Non-inter-level travel time spent in this place.
 C = Inter-level travel time spent in this place.
 D = Time resting spent in this place.
 E = Time spent auto-exploring this place.
 F = Levels seen in this place.
 G = Mean time per level.
                   A        B        C        D        E       F      G
               +--------+--------+--------+--------+--------+-----+--------+
         Total |   9669 |   9167 |    502 |   3826 |   3092 |   8 | 1208.6 |
       Dungeon |   9669 |   9167 |    502 |   3826 |   3092 |   8 | 1208.6 |
               +--------+--------+--------+--------+--------+-----+--------+

Top non-repeatable levels by time:
     D:7: 1874 daAuts
     D:5: 1766 daAuts
     D:6: 1679 daAuts
     D:3: 1286 daAuts
     D:1: 1080 daAuts
     D:2: 1008 daAuts
     D:4: 681 daAuts
     D:8: 291 daAuts
